BSA
KANSAS CITY KINGS @ ST. LOUIS BROWNS
04/12/2029
 
TOP OF THE 1ST
Kansas City Kings batting - Pitching for St. Louis Browns : RHP Scott Walker
Pitching: RHP Scott Walker
Batting: RHB Chris Chandler 0-0: Ball
1-0: Ball
2-0: Called Strike
2-1: SINGLE (Flyball, 9S)
Batting: SHB Douglas Taylor 0-0: Foul Ball, location: 2F
0-1: Foul Ball, location: 2F
0-2: Fly out, F9 (Flyball, 9)
Batting: RHB Toshimichi Kono 0-0: Ball
1-0: Called Strike
1-1: Ball
2-1: Foul Ball, location: 2F
2-2: Ball
3-2: Ground out 5-3 (Groundball, 5L)
Chris Chandler to second
Batting: RHB Jeremy Carr 0-0: Called Strike
0-1: Ball
1-1: Ball
2-1: Ball
3-1: Base on Balls
Batting: RHB Dave Parker 0-0: Swinging Strike
0-1: Ball
1-1: Swinging Strike
1-2: Ball
2-2: Fielders Choice at 2nd, 5-4 (Groundball, 56)
Top of the 1st over - 0 runs, 1 hit, 0 errors, 2 left on base; Kansas City 0 - St. Louis 0
BOTTOM OF THE 1ST
St. Louis Browns batting - Pitching for Kansas City Kings : RHP Ron Young
Pitching: RHP Ron Young
Batting: RHB Adrian Prouse 0-0: Foul Ball, location: 2F
0-1: Ball
1-1: Fly out, F9 (Flyball, 9D)
Batting: RHB Anthony Rucker 0-0: Called Strike
0-1: Ball
1-1: Bunt for hit - play at first, batter safe!
Batting: LHB Junior Coates 0-0: Called Strike
0-1: Ball
1-1: Grounds into double play, 4-6-3 (Groundball, 4)
Bottom of the 1st over - 0 runs, 1 hit, 0 errors, 0 left on base; Kansas City 0 - St. Louis 0
TOP OF THE 2ND
Kansas City Kings batting - Pitching for St. Louis Browns : RHP Scott Walker
Batting: RHB Cy Keynes 0-0: Foul Ball, location: 2F
0-1: Foul Ball, location: 2F
0-2: Ground out 6-3 (Groundball, 6)
Batting: LHB Ron Crawford 0-0: Foul Ball, location: 2F
0-1: Foul Ball, location: 2F
0-2: Foul Ball, location: 2F
0-2: Ground out 6-3 (Groundball, 6M)
Batting: LHB Greg Schultz 0-0: Ball
1-0: Swinging Strike
1-1: DOUBLE (Line Drive, 9LM)
Batting: RHB Gregg Nelson 0-0: Ball
1-0: Ball
2-0: SINGLE (Flyball, 89S)
Greg Schultz to third
Runner from 3rd tries for Home, SAFE, no throw
Batting: RHB Chris Chandler 0-0: Ball
1-0: Ball
2-0: Called Strike
2-1: Foul Ball, location: 2F
2-2: DOUBLE (Line Drive, 78XD)
Gregg Nelson to third
Batting: SHB Douglas Taylor 0-0: Swinging Strike
0-1: Ball
1-1: Foul Ball, location: 2F
1-2: Strikes out swinging
Top of the 2nd over - 1 run, 3 hits, 0 errors, 2 left on base; Kansas City 1 - St. Louis 0
BOTTOM OF THE 2ND
St. Louis Browns batting - Pitching for Kansas City Kings : RHP Ron Young
Batting: RHB Domingo Romero 0-0: Called Strike
0-1: Ball
1-1: Ground out 4-3 (Groundball, 4)
Batting: RHB Jeff Jones 0-0: Foul Ball, location: 2F
0-1: SINGLE (Flyball, 8RS)
Batting: LHB Marvin Morris 0-0: Foul Ball, location: 2F
0-1: Ball
1-1: Foul Ball, location: 2F
1-2: Ball
2-2: Foul Ball, location: 2F
2-2: Ball
3-2: Strikes out swinging
Batting: LHB Dave Watson 0-0: Called Strike
0-1: Foul Ball, location: 2F
0-2: Strikes out swinging
Bottom of the 2nd over - 0 runs, 1 hit, 0 errors, 1 left on base; Kansas City 1 - St. Louis 0
TOP OF THE 3RD
Kansas City Kings batting - Pitching for St. Louis Browns : RHP Scott Walker
Batting: RHB Toshimichi Kono 0-0: Foul Ball, location: 2F
0-1: Ball
1-1: Fly out, F7 (Line Drive, 7D)
Batting: RHB Jeremy Carr 0-0: Swinging Strike
0-1: Fly out, F8 (Flyball, 8RM)
Batting: RHB Dave Parker 0-0: Called Strike
0-1: Swinging Strike
0-2: Ball
1-2: Ball
2-2: Ball
3-2: Foul Ball, location: 2F
3-2: SINGLE (Flyball, 89S)
Batting: RHB Cy Keynes 0-0: Ground out 4-3 (Groundball, 4)
Top of the 3rd over - 0 runs, 1 hit, 0 errors, 1 left on base; Kansas City 1 - St. Louis 0
BOTTOM OF THE 3RD
St. Louis Browns batting - Pitching for Kansas City Kings : RHP Ron Young
Batting: RHB António Venecia 0-0: Called Strike
0-1: Swinging Strike
0-2: Foul Ball, location: 2F
0-2: Foul Ball, location: 2F
0-2: Strikes out swinging
Batting: RHB Manuel Alonso 0-0: Foul Ball, location: 2F
0-1: Ball
1-1: Ball
2-1: Ball
3-1: Ground out 6-3 (Groundball, 6)
Batting: RHB Adrian Prouse 0-0: Foul Ball, location: 2F
0-1: Ball
1-1: Ball
2-1: SOLO HOME RUN (Flyball, 78XD), Distance : 411 ft
Batting: RHB Anthony Rucker 0-0: Ground out 6-3 (Groundball, 6)
Bottom of the 3rd over - 1 run, 1 hit, 0 errors, 0 left on base; Kansas City 1 - St. Louis 1
TOP OF THE 4TH
Kansas City Kings batting - Pitching for St. Louis Browns : RHP Scott Walker
Batting: LHB Ron Crawford 0-0: Ball
1-0: SINGLE (Groundball, 34D)
Batting: LHB Greg Schultz 0-0: Ball
Ron Crawford steals 2nd base
1-0: Ball
2-0: SINGLE (Line Drive, 89S)
Ron Crawford to third
Batting: RHB Gregg Nelson 0-0: Ball
1-0: Ball
2-0: DOUBLE (Line Drive, 89M)
Ron Crawford scores
Greg Schultz to third
Batting: RHB Chris Chandler 0-0: TRIPLE (Line Drive, 89XD)
Greg Schultz scores
Gregg Nelson scores
Batting: SHB Douglas Taylor 0-0: SINGLE (Groundball, 6MD)
Chris Chandler scores
Batting: RHB Toshimichi Kono 0-0: Ball
1-0: SINGLE (Groundball, 4D)
Douglas Taylor to second
Runner from 2nd tries for 3rd, SAFE, no throw
Batting: RHB Jeremy Carr 0-0: Ball
1-0: Swinging Strike
1-1: Ball
2-1: Swinging Strike
2-2: Strikes out swinging
Batting: RHB Dave Parker 0-0: Ball
1-0: Called Strike
1-1: DOUBLE (Flyball, 8RXD)
Douglas Taylor scores
Toshimichi Kono to third
Batting: RHB Cy Keynes 0-0: Ball
1-0: Fly out, F8 (Flyball, 8RS)
Runner from 3rd tags up, SCORES, no throw
Batting: LHB Ron Crawford 0-0: Called Strike
0-1: Ball
1-1: Called Strike
1-2: Strikes out swinging
Top of the 4th over - 6 runs, 7 hits, 0 errors, 1 left on base; Kansas City 7 - St. Louis 1
BOTTOM OF THE 4TH
St. Louis Browns batting - Pitching for Kansas City Kings : RHP Ron Young
Batting: LHB Junior Coates 0-0: Called Strike
0-1: Ball
1-1: SINGLE (Groundball, 6MD)
Batting: RHB Domingo Romero 0-0: Swinging Strike
0-1: Swinging Strike
0-2: Foul Ball, location: 2F
0-2: Ball
1-2: Ball
2-2: Ball
3-2: Strikes out swinging
Batting: RHB Jeff Jones 0-0: Swinging Strike
0-1: Called Strike
0-2: Ball
1-2: Strikes out looking
Batting: LHB Marvin Morris 0-0: Ball
1-0: Ball
2-0: Foul Ball, location: 2F
2-1: Swinging Strike
2-2: Foul Ball, location: 2F
2-2: Ball
3-2: Strikes out looking
Bottom of the 4th over - 0 runs, 1 hit, 0 errors, 1 left on base; Kansas City 7 - St. Louis 1
TOP OF THE 5TH
Kansas City Kings batting - Pitching for St. Louis Browns : RHP Scott Walker
Batting: LHB Greg Schultz 0-0: Ball
1-0: Ground out 6-3 (Groundball, 6M)
Batting: RHB Gregg Nelson 0-0: Ground out 1-3 (Groundball, 13)
Batting: RHB Chris Chandler 0-0: Ball
1-0: Fly out, F8 (Flyball, 8LD)
Top of the 5th over - 0 runs, 0 hits, 0 errors, 0 left on base; Kansas City 7 - St. Louis 1
BOTTOM OF THE 5TH
St. Louis Browns batting - Pitching for Kansas City Kings : RHP Ron Young
Batting: LHB Dave Watson 0-0: Called Strike
0-1: Swinging Strike
0-2: Foul Ball, location: 2F
0-2: Strikes out looking
Batting: RHB António Venecia 0-0: Foul Ball, location: 2F
0-1: Fly out, F9 (Flyball, 89M)
Batting: RHB Manuel Alonso 0-0: Ball
1-0: Called Strike
1-1: Ground out U3 (Groundball, 3S)
Bottom of the 5th over - 0 runs, 0 hits, 0 errors, 0 left on base; Kansas City 7 - St. Louis 1
TOP OF THE 6TH
Kansas City Kings batting - Pitching for St. Louis Browns : RHP Scott Walker
Pitching: LHP Nick Clayton
Batting: SHB Douglas Taylor 0-0: Called Strike
0-1: Swinging Strike
0-2: Fly out, F9 (Flyball, 89M)
Batting: RHB Toshimichi Kono 0-0: Ball
1-0: Swinging Strike
1-1: Ball
2-1: Swinging Strike
2-2: Ball
3-2: Foul Ball, location: 2F
3-2: Ground out 4-3 (Groundball, 4M)
Batting: RHB Jeremy Carr 0-0: Swinging Strike
0-1: Ball
1-1: Foul Ball, location: 2F
1-2: Strikes out looking
Top of the 6th over - 0 runs, 0 hits, 0 errors, 0 left on base; Kansas City 7 - St. Louis 1
BOTTOM OF THE 6TH
St. Louis Browns batting - Pitching for Kansas City Kings : RHP Ron Young
Batting: RHB Adrian Prouse 0-0: Ball
1-0: DOUBLE (Groundball, 3L)
Batting: RHB Anthony Rucker 0-0: Reached on error, E3 (Groundball, 34)
Adrian Prouse to third
Batting: LHB Junior Coates 0-0: Called Strike
0-1: Ball
1-1: Foul Ball, location: 2F
1-2: Foul Ball, location: 2F
1-2: Foul Ball, location: 2F
1-2: Ball
Anthony Rucker steals 2nd base
2-2: Ball
3-2: Fly out, F8 (Flyball, 8LS)
Runner from 3rd tags up, SCORES, no throw
Batting: RHB Domingo Romero 0-0: Ball
1-0: Foul Ball, location: 2F
1-1: Foul Ball, location: 2F
1-2: Ball
2-2: Strikes out looking
Batting: RHB Jeff Jones 0-0: Called Strike
0-1: Ball
1-1: Swinging Strike
1-2: Ball
2-2: Strikes out swinging
Bottom of the 6th over - 1 run, 1 hit, 1 error, 1 left on base; Kansas City 7 - St. Louis 2
TOP OF THE 7TH
Kansas City Kings batting - Pitching for St. Louis Browns : LHP Nick Clayton
Batting: RHB Dave Parker 0-0: Ball
1-0: Ball
2-0: Ball
3-0: Base on Balls
Batting: RHB Cy Keynes 0-0: Swinging Strike
0-1: Ball
1-1: DOUBLE (Line Drive, 78D)
Dave Parker to third
Dave Parker scores
Batting: LHB Ron Crawford 0-0: Ball
1-0: Called Strike
1-1: Hit by Pitch
Batting: LHB Greg Schultz 0-0: Ball
1-0: Ball
2-0: Called Strike
2-1: Ball
3-1: Base on Balls
Cy Keynes to third
Ron Crawford to second
Batting: RHB Gregg Nelson 0-0: Ball
1-0: Foul Ball, location: 2F
1-1: DOUBLE (Line Drive, 9LM)
Cy Keynes scores
Ron Crawford scores
Greg Schultz to third
Batting: RHB Chris Chandler 0-0: Ball
1-0: Ball
2-0: Called Strike
2-1: Ball
3-1: 3-RUN HOME RUN (Flyball, 7LD), Distance : 340 ft
Batting: SHB Douglas Taylor 0-0: Called Strike
0-1: Fly out, F1 (Popup, P)
Batting: RHB Toshimichi Kono 0-0: Foul Ball, location: 2F
0-1: Ball
1-1: Ball
2-1: Fly out, F7 (Flyball, 78M)
Batting: RHB Jeremy Carr 0-0: Ball
1-0: Called Strike
1-1: Ball
2-1: Called Strike
2-2: SINGLE (Line Drive, 89S)
Batting: RHB Dave Parker 0-0: Ball
1-0: Swinging Strike
1-1: Ball
2-1: Ball
3-1: Base on Balls
Jeremy Carr to second
Batting: RHB Cy Keynes 0-0: Ball
1-0: Fielders Choice at 2nd, U4 (Groundball, 4M)
Top of the 7th over - 6 runs, 4 hits, 0 errors, 2 left on base; Kansas City 13 - St. Louis 2
BOTTOM OF THE 7TH
St. Louis Browns batting - Pitching for Kansas City Kings : RHP Ron Young
Batting: LHB Marvin Morris 0-0: Ball
1-0: Called Strike
1-1: Ball
2-1: Ball
3-1: Base on Balls
Pitching: LHP Rob Lucas
Batting: LHB Dave Watson 0-0: Ball
1-0: Ball
2-0: Called Strike
2-1: Called Strike
2-2: Strikes out looking
Batting: RHB António Venecia 0-0: Ball
1-0: Swinging Strike
1-1: Swinging Strike
1-2: Strikes out swinging
Batting: RHB Manuel Alonso 0-0: Called Strike
0-1: Ball
1-1: Swinging Strike
1-2: Strikes out swinging
Bottom of the 7th over - 0 runs, 0 hits, 0 errors, 1 left on base; Kansas City 13 - St. Louis 2
TOP OF THE 8TH
Kansas City Kings batting - Pitching for St. Louis Browns : LHP Nick Clayton
Batting: LHB Ron Crawford 0-0: Fly out, F6 (Line Drive, 56D)
Batting: LHB Greg Schultz 0-0: Called Strike
0-1: Called Strike
0-2: Strikes out swinging
Batting: RHB Gregg Nelson 0-0: Ball
1-0: Fly out, F7 (Flyball, 78M)
Top of the 8th over - 0 runs, 0 hits, 0 errors, 0 left on base; Kansas City 13 - St. Louis 2
BOTTOM OF THE 8TH
St. Louis Browns batting - Pitching for Kansas City Kings : LHP Rob Lucas
Batting: RHB Adrian Prouse 0-0: Ball
1-0: Foul Ball, location: 2F
1-1: Foul Ball, location: 2F
1-2: Fly out, F8 (Flyball, 89D)
Batting: RHB Anthony Rucker 0-0: Foul Ball, location: 2F
0-1: Foul Ball, location: 2F
0-2: Strikes out swinging
Batting: LHB Junior Coates 0-0: Foul Ball, location: 2F
0-1: Swinging Strike
0-2: Ball
1-2: Ball
2-2: Foul Ball, location: 2F
2-2: SINGLE (Line Drive, 56D)
Pinch Hitting: LHB Mike Hill 0-0: Called Strike
0-1: Ball
1-1: Ball
2-1: Fly out, F7 (Flyball, 7D)
Bottom of the 8th over - 0 runs, 1 hit, 0 errors, 1 left on base; Kansas City 13 - St. Louis 2
TOP OF THE 9TH
Kansas City Kings batting - Pitching for St. Louis Browns : LHP Nick Clayton
Now at SS: José Flores
Batting: RHB Chris Chandler 0-0: Swinging Strike
0-1: Ball
1-1: Foul Ball, location: 2F
1-2: Ball
2-2: Ball
3-2: Foul Ball, location: 2F
3-2: Ground out 6-3 (Groundball, 6M)
Batting: SHB Douglas Taylor 0-0: Called Strike
0-1: Foul Ball, location: 2F
0-2: Ball
1-2: Foul Ball, location: 2F
1-2: Ball
2-2: Foul Ball, location: 2F
2-2: SINGLE (Groundball, 6MD)
Batting: RHB Toshimichi Kono 0-0: Called Strike
Douglas Taylor steals 2nd base
0-1: Ball
1-1: Ball
2-1: Fly out, F7 (Flyball, 7D)
Batting: RHB Jeremy Carr 0-0: Called Strike
0-1: Ball
1-1: Fly out, F8 (Flyball, 8RS)
Top of the 9th over - 0 runs, 1 hit, 0 errors, 1 left on base; Kansas City 13 - St. Louis 2
BOTTOM OF THE 9TH
St. Louis Browns batting - Pitching for Kansas City Kings : LHP Rob Lucas
Batting: RHB Jeff Jones 0-0: Ball
1-0: Ball
2-0: Fly out, F8 (Flyball, 8RXD)
Batting: LHB Marvin Morris 0-0: Ball
1-0: Foul Ball, location: 2F
1-1: Swinging Strike
1-2: Ball
2-2: Strikes out swinging
Batting: LHB Dave Watson 0-0: Ball
1-0: Called Strike
1-1: Foul Ball, location: 2F
1-2: Ground out 4-3 (Groundball, 4)
Bottom of the 9th over - 0 runs, 0 hits, 0 errors, 0 left on base; Kansas City 13 - St. Louis 2
Saturday, December 16th, 2017 - OOTP Baseball 18.8 Build 76